 Dungeon Crawl Stone Soup version 0.25-a0-161-gb7fd73da8f (webtiles) character file.

Game seed: 10928504538289364401, levelgen mode: deterministic

133 Leeroy the Ducker (level 4, 0/36 HPs)
             Began as a Draconian Skald on Nov 21, 2019.
             Killed by nerve-wracking pain
             ... invoked by an orc priest
              (8 damage)
             ... on level 2 of the Dungeon.
             The game lasted 00:05:35 (1961 turns).

Leeroy the Ducker (Draconian Skald)                 Turns: 1961, Time: 00:05:36

Health: 0/36       AC:  5    Str: 13    XL:     4   Next: 94%
Magic:  6/7        EV: 14    Int: 13    God:
Gold:   120        SH:  0    Dex: 14    Spells: 6/7 levels left

rFire    . . .     SeeInvis .   a - +0 falchion
rCold    . . .     Gourm    .   (no shield)
rNeg     . . .     Faith    .   (armour unavailable)
rPois    .         Spirit   .   (helmet restricted)
rElec    .         Reflect  .   (no cloak)
rCorr    .         Harm     .   (no gloves)
MR       .....                  (no boots)
Stlth    +.........             (no amulet)
HPRegen  0.12/turn              (no ring)
MPRegen  0.10/turn              (no ring)

@: very slightly contaminated
A: unfitting armour, horns 1, agile 1, cold-blooded, AC +5
a: no special abilities


You were on level 2 of the Dungeon.
You were hungry.

You visited 1 branch of the dungeon, and saw 3 of its levels.

You collected 120 gold pieces.

Inventory:

Hand Weapons
 a - a +0 falchion (weapon)
 d - a +0 dagger
Scrolls
 f - 3 scrolls of amnesia {unknown}
 g - a scroll of fog {unknown}
 h - 2 scrolls of remove curse {unknown}
 k - a scroll of enchant weapon {unknown}
 l - 2 scrolls of blinking {unknown}
 n - 2 scrolls of enchant armour {unknown}
 q - a scroll of teleportation {unknown}
 r - a scroll of immolation {unknown}
Potions
 b - a potion of mutation
 e - a potion of degeneration {unknown}
 i - a potion of might {unknown}
 j - a potion of lignification {unknown}
 m - a potion of invisibility {unknown}
Comestibles
 c - 8 rations


   Skills:
 - Level 2.1 Fighting
 + Level 3.3 Long Blades
 - Level 4.1 Dodging
 - Level 2.0 Spellcasting
 - Level 2.6 Charms


You had 6 spell levels left.
You knew the following spells:

 Your Spells              Type           Power        Failure   Level  Hunger
a - Infusion              Chrm           #...         9%          1    ##.....

Your spell library contained the following spells:

 Spells                   Type           Power        Failure   Level  Hunger
 Song of Slaying          Chrm           #.......     13%         2    ###....
 Shroud of Golubria       Chrm/Tloc      #.....       22%         2    ###....
 Regeneration             Chrm/Necr      #.........   41%         3    ####...
 Spectral Weapon          Hex/Chrm       #.......     41%         3    ####...


Dungeon Overview and Level Annotations

Branches:
Dungeon (3/15)

Altars:
Yredelemnul


Innate Abilities, Weirdness & Mutations

Your plain brown scales are hard. (AC +5)
You cannot fit into any form of body armour.
You are cold-blooded and may be slowed by cold attacks.
You have a pair of small horns on your head.
You are agile. (Dex +2)


Message History

You tail-slap the orc priest, but do no damage.
The orc priest is moderately wounded.
The orc priest closely misses you.
You hit the orc priest but do no damage.
You headbutt the orc priest, but do no damage.
The orc priest is moderately wounded.
The orc priest barely misses you.
You closely miss the orc priest.
The orc priest is moderately wounded.
The orc priest hits you but does no damage.
You hit the orc priest. Your headbutt misses the orc priest.
The orc priest is heavily wounded.
The orc priest mumbles some strange prayers to Beogh against you.
Pain shoots through your body!
* * * LOW HITPOINT WARNING * * *
You hit the orc priest but do no damage.
The orc priest is heavily wounded.
The orc priest calls down the wrath of Beogh upon you.
Pain shoots through your body!
You die...

..##.#.#####.#### #.#
(####.## #.# #.# .# ### ##'##
#####.#### (#
##...###.....>..## .###
##.....##.###.##..## <#.##
##.......#.# #..#.#.##
....####..........###.....#.#
.......'...............(...##
.<..####........@o###.....##
...## ##.......#.####.#..#
...# ##.....##.........# .###
##...#######.....# .# ##'##
#.##### .# #.# #.# .#
#.########.# .# ##........#.#
.# ##...#####.#.#


You could see an orc priest.

Vanquished Creatures
  An orc wizard (D:3)
  2 adders (D:3)
  An ooze (D:2)
  A worm (D:3)
  4 dart slugs
  2 leopard geckos (D:1)
  8 orcs
  4 giant cockroaches
  6 goblins
  7 hobgoblins
  2 jackals (D:2)
  6 kobolds
  A quokka (D:2)
  10 bats
  2 frilled lizards
  3 rats
60 creatures vanquished.

Notes
Turn   | Place    | Note
-------+----------+-------------------------------------------
     0 | D:1      | Leeroy the Draconian Skald began the quest for the Orb.
     0 | D:1      | Reached XP level 1. HP: 17/17 MP: 3/3
   114 | D:1      | Reached XP level 2. HP: 4/24 MP: 5/5
   417 | D:2      | Found a basalt altar of Yredelemnul.
   560 | D:2      | Reached XP level 3. HP: 29/29 MP: 6/6
   801 | D:2      | Reached skill level 3 in Dodging
  1290 | D:3      | Reached XP level 4. HP: 22/36 MP: 7/7
  1478 | D:3      | Reached skill level 4 in Dodging
  1571 | D:3      | Gained mutation: You are agile. (Dex +2) [potion of
                  | mutation]
  1571 | D:3      | Gained mutation: You have a pair of small horns on your
                  | head. [potion of mutation]
  1961 | D:2      | Killed from afar by an orc priest

Levels and vault maps discovered:
D:1:      wander_arrival_estate, layout_rooms
D:2:      layout_loops_corners, yredelemnul_altar_generic, minmay_pentomino_pile
D:3:      layout_loops_ring, uniq_crazy_yiuf_cottage, uniq_grinder, uniq_robin

Skill      XL: |  1  2  3  4 |
---------------+-------------+-----
Long Blades    | 3 |  3.3
Dodging        | 3 4 |  4.1
Fighting       | |  2.1
Spellcasting   | |  2.0
Charms         | |  2.6

Action                   |  1- 3 |  4- 6 || total
-------------------------+-------+-------++-------
Melee: Falchion          |   130 |    75 ||   205
       Tailslap          |    16 |    12 ||    28
       Headbutt          |       |     3 ||     3
  Use: Potion            |       |     3 ||     3
 Stab: Sleeping          |     1 |       ||     1
  Eat: Chunk             |     2 |     1 ||     3
Armor: Skin              |    50 |    15 ||    65
Dodge: Dodged            |   112 |    77 ||   189
       Rpst.: Falchion   |    41 |    25 ||    66

Table legend:
 A = Non-vault XP
 B = Vault XP
 C = Vault XP percentage of total XP
 D = Non-vault monster count
 E = Vault monster count
 F = Vault count percentage of total count
                 A         B        C        D         E       F
            +---------+---------+-------+---------+---------+-------
      Total |     182 |       9 |   4.7 |      55 |       5 |   8.3
            +---------+---------+-------+---------+---------+-------
        D:1 |      31 |       0 |   0.0 |      15 |       0 |   0.0
        D:2 |      64 |       9 |  12.3 |      27 |       5 |  15.6
        D:3 |      87 |       0 |   0.0 |      13 |       0 |   0.0
            +---------+---------+-------+---------+---------+-------
